 Dungeon Crawl Stone Soup version 0.31.0-12-g77e489cdc1 (webtiles) character file.

Game seed: 2928048810629092492

80 Couri the Caller (level 4, -1/21 (24) HPs)
             Began as a Deep Elf Summoner on Feb 18, 2024.
             Slain by a gnoll
             ... wielding a +1 whip of draining
              (9 damage)
             ... on level 3 of the Dungeon.
             The game lasted 00:07:37 (2483 turns).

Couri the Caller (Deep Elf Summoner)                Turns: 2483, Time: 00:07:37

HP:   -1/21 (24)    AC:  4    Str:  5    XL:     4   Next: 18%
MP:   6/12          EV: 13    Int: 22    God:
Gold: 180           SH:  0    Dex: 15    Spells: 10/11 levels left

rFire   . . .        l - +0 short sword
rCold   . . .        (no shield)
rNeg    . . .        a - +0 robe
rPois   .            (no helmet)
rElec   .            (no cloak)
rCorr   .            (no gloves)
SInv    .            h - +1 pair of boots
Will    .....        (no amulet)
Stlth   ++           (no ring)
HPRegen 0.23/turn    (no ring)
MPRegen 0.13/turn

%: no passive effects
@: heavily drained
A: no striking features
a: no special abilities


You were on level 3 of the Dungeon.
You visited 1 branch of the dungeon, and saw 3 of its levels.

You collected 180 gold pieces.

Inventory:

Hand Weapons
 l - a +0 short sword (weapon)
Missiles
 p - a throwing net
Armour
 a - a +0 robe (worn)
 h - a +1 pair of boots (worn)
Scrolls
 d - a scroll of silence {unknown}
 f - a scroll of immolation {unknown}
 i - 3 scrolls of identify {unknown}
 j - 2 scrolls of teleportation {unknown}
 k - a scroll of enchant weapon {unknown}
 m - 2 scrolls of acquirement {unknown}
 o - a scroll of noise {unknown}
Potions
 b - a potion of magic
 c - a potion of degeneration {unknown}
 e - 2 potions of curing {unknown}
 g - 2 potions of resistance {unknown}
 n - 2 potions of mutation {unknown}
 q - a potion of berserk rage {unknown}
 r - a potion of lignification {unknown}


   Skills:
 - Level 2.7 Dodging
 - Level 2.7 Stealth
 + Level 4.2 Spellcasting
 * Level 5.5 Summonings


You had 10 spell levels left.
You knew the following spells:

 Your Spells              Type           Power      Damage    Failure   Level
a - Summon Small Mammal   Summ           100%       N/A       1%          1

Your spell library contained the following spells:

 Spells                   Type           Power      Damage    Failure   Level
 Call Imp                 Summ           58%        N/A       1%          2
 Call Canine Familiar     Summ           29%        N/A       3%          3
 Summon Blazeheart Golem  Fire/Summ      16%        N/A       34%         4
 Summon Lightning Spire   Summ/Air       16%        N/A       34%         4


Dungeon Overview and Level Annotations

Branches:
Dungeon (3/15)

Altars:
Wu Jian

Shops:
D:1 =   D:2 (

Annotations:
D:3 Natasha


Message History

The gnoll hits your quokka with a +0 whip!
Your quokka dies!
Your quokka's corpse disappears in a puff of smoke!
Your quokka bites the gnoll.
The gnoll misses your quokka.
Your quokka bites the gnoll.
The gnoll hits your quokka with a +1 whip of draining.
Your quokka dies!
Your quokka's corpse disappears in a puff of smoke!
You open the door.
A giant cockroach comes into view.
Found 18 gold pieces.
There is an open door here.
Found 16 gold pieces.
You see here 18 gold pieces.
An endoplasm comes into view.
Found a scale mail and a dagger.
The gnoll attacks as it pursues you! The gnoll barely misses you.
Casting: Summon Small Mammal (safe; 1% risk of failure)
Confirm with . or Enter, or press ? or * to list all spells.
The giant cockroach completely misses you.
The gnoll barely misses you. The giant cockroach closely misses you.
You hit the giant cockroach.
The giant cockroach is heavily wounded.
Your bat barely misses the giant cockroach.
Your bat hits the giant cockroach but does no damage.
The giant cockroach closely misses your bat.
The gnoll hits you with a +1 whip of draining!
You feel drained.
You hit the giant cockroach.
You kill the giant cockroach!
The gnoll barely misses you.
You swap places.
Your bat hits the gnoll but does no damage.
The gnoll closely misses your bat. The gnoll attacks as it pursues you!
The gnoll hits you with a +1 whip of draining.
You feel drained.
Your bat barely misses the gnoll.
Your bat hits the gnoll but does no damage. x2
The gnoll attacks as it pursues you!
The gnoll hits you with a +1 whip of draining!
You die...

###### ......
####+###.)....
#$..........
#..........
#........#
##J.[.....#
.......@..#
##.###.g.##
###.###########
#gb#........#
##.#........#
+.##'#........#
#
#h..........!.#
#
#.............#
##
#......''######
#.


You could see 2 gnolls, an endoplasm (asleep) and a friendly bat (summoned).

Vanquished Creatures
  A giant cockroach (D:3)
  A jackal (D:2)
2 creatures vanquished.

Vanquished Creatures (collateral kills)
  2 gnolls (D:3)
  An adder (D:3)
  5 ball pythons
  6 endoplasms
  6 goblins
  5 hobgoblins
  4 jackals (D:2)
  3 bats
  2 frilled lizards (D:1)
  7 kobolds
  4 rats
45 creatures vanquished.

Grand Total: 47 creatures vanquished

Notes
Turn   | Place    | Note
-------+----------+-------------------------------------------
     0 | D:1      | Couri the Deep Elf Summoner began the quest for the Orb.
     0 | D:1      | Reached XP level 1. HP: 10/10 MP: 6/6
    51 | D:1      | Found Rat Veem's Jewellery Emporium.
   379 | D:1      | Reached XP level 2. HP: 15/15 MP: 6/8
  1553 | D:2      | Reached XP level 3. HP: 19/19 MP: 8/10
  1572 | D:2      | Found Qidun's Weapon Shoppe.
  1635 | D:2      | Reached skill level 5 in Summonings
  1808 | D:2      | Found a faded altar of an unknown god.
  2411 | D:3      | Found an ornate altar of the Wu Jian Council.
  2427 | D:3      | Reached XP level 4. HP: 22/24 MP: 9/12
  2462 | D:3      | Noticed Natasha
  2483 | D:3      | Slain by a gnoll

Illustrated notes

Levels and vault maps discovered:
D:1:      erik_arrival_blinker_ship, layout_basic, serial_shops, shop,
          chequers_serial_rivers_large_b, st_stairs_12, serial_bayou_lake_a
D:2:      layout_basic, nicolae_ecumenical_lake_church, serial_shops,
          shop_fountains, minmay_pentomino_z2
D:3:      layout_basic, mainiacjoe_overflow_24_doors,
          mainiacjoe_overflow_six_doors_small, nicolae_wu_jian_wuxing_cycle,
          uniq_natasha

Skill      XL: |  1  2  3 |
---------------+----------+-----
Summonings     | 5 |  5.5
Spellcasting   | 4 |  4.2
Dodging        | |  2.7
Stealth        | |  2.7

Action                     |  1- 3 |  4- 6 || total
---------------------------+-------+-------++-------
  Melee: Unarmed           |    26 |       ||    26
         Short sword       |       |     2 ||     2
   Cast: Summon Small Mamm |    79 |    10 ||    89
 Armour: Robe              |    29 |     4 ||    33
  Dodge: Dodged            |    57 |     5 ||    62
